 Dungeon Crawl Stone Soup version 0.29-a0-1052-g6990b1bffc (webtiles) character file.

Game seed: 14599933915604310754

217 tatocazan the Trooper (level 5, -3/42 HPs)
             Began as a Demonspawn Fighter on Aug 18, 2022.
             Slain by an orc priest
             ... wielding a +0 trident
              (5 damage)
             ... on level 4 of the Dungeon.
             The game lasted 00:03:56 (3749 turns).

tatocazan the Trooper (Demonspawn Fighter)          Turns: 3749, Time: 00:03:57

Health: -3/42      AC:  6    Str: 18    XL:     5   Next: 62%
Magic:  5/5        EV:  9    Int: 10    God:
Gold:   197        SH:  4    Dex: 12    Spells: 4/4 levels left

rFire   . . .      SeeInvis .   a - +0 war axe
rCold   . . .      Faith    .   c - +0 buckler
rNeg    . . .      Spirit   .   b - +0 scale mail
rPois   .          Reflect  .   (no helmet)
rElec   .          Harm     .   (no cloak)
rCorr   .          Rampage  .   (no gloves)
Will    .....                   (no boots)
Stlth   ..........              (no amulet)
HPRegen 0.14/turn               (no ring)
MPRegen 0.09/turn               (no ring)

@: no status effects
A: foul stench 1, powered by death 1
a: no special abilities


You were on level 4 of the Dungeon.
You visited 1 branch of the dungeon, and saw 4 of its levels.

You collected 197 gold pieces.

Inventory:

Hand Weapons
 a - a +0 war axe (weapon)
 k - a +0 whip of flaming
Armour
 b - a +0 scale mail (worn)
 c - a +0 buckler (worn)
Wands
 i - a wand of flame (23)
Scrolls
 f - 4 scrolls of identify {unknown}
 g - a scroll of immolation {unknown}
 h - a scroll of enchant armour {unknown}
 j - a scroll of blinking {unknown}
Potions
 d - a potion of might
 e - 4 potions of curing
 l - a potion of brilliance {unknown}
 m - a potion of heal wounds {unknown}


   Skills:
 + Level 3.9 Fighting
 * Level 3.6 Axes
 + Level 3.5 Armour
 + Level 3.5 Shields


You had 4 spell levels left.
You didn't know any spells.
Your spell library contained the following spells:

 Spells                   Type           Power      Damage    Failure   Level
 Sandblast                Erth           0%         2d4       83%         1
 Blink                    Tloc           0%         N/A       93%         2
 Passwall                 Tmut/Erth      0%         N/A       93%         2
 Lesser Beckoning         Tloc           0%         N/A       99%         3
 Stone Arrow              Conj/Erth      0%         3d7       99%         3
 Manifold Assault         Tloc           0%         N/A       100%        5


Dungeon Overview and Level Annotations

Branches:
Dungeon (4/15)
 Temple: D:4-7

Altars:
Kikubaaqudgha
Xom

Annotations:
D:2 1 runed translucent door, Crazy Yiuf


Innate Abilities, Weirdness & Mutations

You may rarely emit foul miasma when damaged in melee.
You regenerate a little health from kills.


Message History

You are too injured to fight recklessly!
You are too injured to fight recklessly!
You are too injured to fight recklessly!
You are too injured to fight recklessly!
You are too injured to fight recklessly!
You are too injured to fight recklessly!
You are too injured to fight recklessly!
You are too injured to fight recklessly!
You are too injured to fight recklessly!
You are too injured to fight recklessly!
You are too injured to fight recklessly!
You are too injured to fight recklessly!
You are too injured to fight recklessly!
You are too injured to fight recklessly!
You are too injured to fight recklessly!
You are too injured to fight recklessly!
You are too injured to fight recklessly!
You are too injured to fight recklessly!
You hit the orc priest but do no damage.
The orc priest mumbles some strange prayers to Beogh against you.
Beogh smites you!
* * * LOW HITPOINT WARNING * * *
You take 15 damage, and have 9/42 hp.
MASSIVE DAMAGE!!
You barely miss the orc priest.
The orc priest hits you but does no damage.
The orc priest barely misses you.
You hit the orc priest.
The orc priest is moderately wounded.
The orc priest hits you with a +0 trident.
* * * LOW HITPOINT WARNING * * *
You take 3 damage, and have 6/42 hp.
You hit the orc priest but do no damage.
The orc priest is moderately wounded.
The orc priest hits you but does no damage.
You slash the orc priest!
The orc priest is severely wounded.
The orc priest hits you with a +0 trident.
* * * LOW HITPOINT WARNING * * *
The orc priest hits you with a +0 trident.
You die...

#..####..)).#
#.......)<##
#.#.....†).#
####.#........#
#.............#
#.#..###.....##
#.#..# #.....#
#####.#.###.......#
.......@..#.......#
......!o..#.......#
.......<..##.....##
.[....!...###...##
..........#
..........#
###.......#
##......# ##.....#


You could see an orc priest.

Vanquished Creatures
  Ijyb (D:3)
  Natasha (twice) (D:2)
  4 adders
  5 worms
  A dart slug (D:1)
  8 orcs
  9 endoplasms
  4 giant cockroaches
  11 goblins
  8 hobgoblins
  3 quokkas
  3 ball pythons
  7 bats
  3 frilled lizards
  8 kobolds
  2 rats (D:1)
79 creatures vanquished.

Vanquished Creatures (others)
  A plant (D:3)
1 creature vanquished.

Grand Total: 80 creatures vanquished

Notes
Turn   | Place    | Note
-------+----------+-------------------------------------------
     0 | D:1      | tatocazan the Demonspawn Fighter began the quest for the
                  | Orb.
     0 | D:1      | Reached XP level 1. HP: 18/18 MP: 1/1
   348 | D:1      | Gained mutation: You may rarely emit foul miasma when
                  | damaged in melee. [demonic ancestry]
   348 | D:1      | Reached XP level 2. HP: 23/24 MP: 2/2
  1111 | D:1      | Gained mutation: You regenerate a little health from kills.
                  | [demonic ancestry]
  1111 | D:1      | Reached XP level 3. HP: 26/29 MP: 3/3
  1412 | D:2      | Noticed Natasha
  1418 | D:2      | Killed Natasha
  1419 | D:2      | Reached XP level 4. HP: 33/35 MP: 4/4
  1482 | D:2      | Found a faded altar of an unknown god.
  1985 | D:2      | Noticed Natasha
  1992 | D:2      | Killed Natasha
  2036 | D:2      | Found a runed translucent door.
  2037 | D:2      | Noticed Crazy Yiuf
  2410 | D:3      | Reached XP level 5. HP: 22/42 MP: 5/5
  3269 | D:3      | Found a shimmering altar of Xom.
  3269 | D:3      | Found an ancient bone altar of Kikubaaqudgha.
  3465 | D:4      | Noticed Ijyb
  3481 | D:3      | Killed Ijyb
  3749 | D:4      | HP: 2/42 [orc priest/+0 trident (4)]
  3749 | D:4      | Slain by an orc priest

Illustrated notes

Levels and vault maps discovered:
D:1:      dpeg_arrival_erosion, layout_loops_corners, minmay_small_reverse_x
D:2:      layout_basic, basic_ecumenical_altar, chequers_serial_rivers_micro_e,
          nicolae_wormholes, uniq_natasha, uniq_crazy_yiuf_cottage
D:3:      layout_rooms, grunt_temple_overflow_open, grunt_ministairs_11,
          serial_bayou_pond_e
D:4:      layout_rooms, nicolae_shop_gadgets, uniq_ijyb

Skill      XL: |  1  2  3  4 |
---------------+-------------+-----
Axes           | 2 3 |  3.6
Shields        | 3 |  3.5
Armour         | 3 |  3.5
Fighting       | |  3.9

Action                   |  1- 3 |  4- 6 || total
-------------------------+-------+-------++-------
Melee: War axe           |    89 |   125 ||   214
  Use: Potion            |       |     1 ||     1
Armor: Scale mail        |    50 |    56 ||   106
Dodge: Dodged            |    44 |    61 ||   105
Block: Buckler           |    24 |    36 ||    60

Table legend: (Time is in decaauts)
 A = Elapsed time spent in this place.
 B = Non-inter-level travel time spent in this place.
 C = Inter-level travel time spent in this place.
 D = Time resting spent in this place.
 E = Time spent auto-exploring this place.
 F = Levels seen in this place.
 G = Mean time per level.
                   A        B        C        D        E       F      G
               +--------+--------+--------+--------+--------+-----+--------+
         Total |   3834 |   3715 |    119 |   1049 |   2092 |   4 |  958.5 |
       Dungeon |   3834 |   3715 |    119 |   1049 |   2092 |   4 |  958.5 |
               +--------+--------+--------+--------+--------+-----+--------+

Top non-repeatable levels by time:
     D:3: 1428 daAuts
     D:1: 1329 daAuts
     D:2: 1029 daAuts
     D:4: 46 daAuts
